 Dungeon Sprint DCSS version 0.29-a0-723-gce39da1c22 (webtiles) character file.

Game seed: 16812161823010719542

25 zeratav the Sneak (level 2, -1/18 HPs)
             Began as a Spriggan Brigand on June 28, 2022.
             Slain by an ogre
             ... wielding a +0 giant spiked club
              (19 damage)
             ... in the Dungeon (Sprint I: "Red Sonja").
             The game lasted 00:00:14 (13 turns).

zeratav the Sneak (Spriggan Brigand)                  Turns: 13, Time: 00:00:15

Health: -1/18      AC:  3    Str:  7    XL:     2   Next: 82%
Magic:  3/3        EV: 16    Int: 12    God:
Gold:   0          SH:  0    Dex: 16    Spells: 1/1 levels left

rFire   . . .      SeeInvis +   a - +2 dagger {short}
rCold   . . .      Faith    .   (no shield)
rNeg    . . .      Spirit   .   b - +0 robe
rPois   .          Reflect  .   (helmet restricted)
rElec   .          Harm     .   c - +0 cloak
rCorr   .          Rampage  .   (gloves unavailable)
Will    .....      NoTele   +   (boots unavailable)
Stlth   +++.......              (no amulet)
HPRegen 0.06/turn               (no ring)
MPRegen 0.08/turn               (no ring)

@: very quick
A: very small, no large weapons, unfitting armour, see invisible, speed 3
a: no special abilities


You were in the Dungeon.
You visited 1 branch


Innate Abilities, Weirdness & Mutations

You are very small and have problems with some larger weapons.
You are too small for most types of armour.
You have supernaturally acute eyesight. (SInv)
You cover ground extremely quickly. (Speed+++)


   Skills:
 + Level 5.0 Fighting
 - Level 2.1 Short Blades
 - Level 2.0 Throwing
 - Level 1.3 Dodging
 - Level 5.8 Stealth


You had one spell level left.
You didn't know any spells.
Your spell library was empty.

Inventory:

Hand Weapons
 a - a +2 dagger (weapon) {short}
Missiles
 d - 6 poisoned darts (quivered) {throwing}
 e - 3 curare-tipped darts {=fthrowing}
Armour
 b - a +0 robe (worn)
 c - a +0 cloak (worn)
Wands
 l - a wand of flame (28)
   (You took it off Ijyb in the Dungeon)
Scrolls
 k - a scroll of blinking {!r}
Potions
 f - 2 potions of curing {@q1}
 g - a potion of heal wounds {@q2}
 h - a potion of haste {@q3}
 i - 2 potions of magic
 j - a potion of berserk rage {!q}

Dungeon Overview and Level Annotations

Branches:
Dungeon (1/1) Zot: 27000

Altars:

##########
#<.#.)'.(#
#..@O(#..+
#..#### +#
#..# #..#
#..# #⌠⌠#
####


You could see an ogre (very poisoned).


Message History

🤖 Initializing magus.rc ...
Bad channel name for runrest: 'pray:' ✅ Successfully initialized magus.rc [v1.9.6] Welcome, zeratav the Spriggan Brigand.
Press ? for a list of commands and other information.
Found a staircase leading out of the dungeon.
You open the door.
Ijyb the Twisted Goblin comes into view.
She is wielding a +0 dagger and carrying a wand of flame (28).
There is an open door here.
The helpless Ijyb fails to defend herself.
You impale Ijyb!!
You kill Ijyb!
Your Fighting skill gained 4 levels and is now at level 5!
You have reached level 2!
HP[+8] MP[+1]
You now have 18 max hp (+8).
Your hp is fully restored (18).
Your mp is fully restored (3).
l - a wand of flame (28)
f - 2 potions of curing {@q1} (gained 1)
Things that are here:
a +0 dagger {short}; a +0 leather armour; the goblin corpse of Ijyb You open the door.
An ogre comes into view. It is wielding a +0 giant spiked club.
The ogre shouts!
Throw: 9 darts (poison) {throwing}
Press: ? - help, Q - select action, (/) - cycle Shift-Dir - straight line, f - ogre
Aim: an ogre, wielding a +0 giant spiked club (77% to hit)
You throw a poisoned dart {throwing}.
The poisoned dart {throwing} completely misses the ogre.
There is an open door here.
Throw: 8 darts (poison) {throwing}
Press: ? - help, Q - select action, (/) - cycle Shift-Dir - straight line, f/p - ogre
Aim: an ogre, wielding a +0 giant spiked club (77% to hit)
You throw a poisoned dart {throwing}.
The poisoned dart {throwing} hits the ogre.
The ogre is poisoned.
Throw: 7 darts (poison) {throwing}
Press: ? - help, Q - select action, (/) - cycle Shift-Dir - straight line, f/p - ogre
Aim: an ogre, wielding a +0 giant spiked club (poisoned, 77% to hit)
You throw a poisoned dart {throwing}.
The poisoned dart {throwing} hits the ogre.
The ogre looks even sicker.
The ogre hits you with a +0 giant spiked club!!
Ouch! That really hurt!
You die...

Skill      XL: |  1 |
---------------+----+-----
Fighting       | 5 |  5.0
Short Blades   | |  2.1
Throwing       | |  2.0
Dodging        | |  1.3
Stealth        | |  5.8

Action                   || total
-------------------------++-------
Melee: Dagger            ||     1
Throw: Dart              ||     3
 Stab: Sleeping          ||     1

Levels and vault maps discovered:
D:        dungeon_sprint_1 [red_sonja_temple_1, red_sonja_temple_small_1]

Notes
Turn   | Place    | Note
-------+----------+-------------------------------------------
     0 | D        | zeratav the Spriggan Brigand began the quest for the Orb.
     0 | D        | Reached XP level 1. HP: 10/10 MP: 2/2
     0 | D        | magus.rc [v1.9.6]
     2 | D        | Noticed Ijyb
     5 | D        | Killed Ijyb
     6 | D        | Reached skill level 5 in Fighting
     6 | D        | Reached XP level 2. HP: 18/18 MP: 3/3
     8 | D        | Noticed an ogre
    13 | D        | Slain by an ogre

Vanquished Creatures
  Ijyb (D)
1 creature vanquished.

Table legend:
 A = Non-vault XP
 B = Vault XP
 C = Vault XP percentage of total XP
 D = Non-vault monster count
 E = Vault monster count
 F = Vault count percentage of total count
                 A         B        C        D         E       F
            +---------+---------+-------+---------+---------+-------
      Total |       0 |      36 | 100.0 |       0 |       1 | 100.0
            +---------+---------+-------+---------+---------+-------
          D |       0 |      36 | 100.0 |       0 |       1 | 100.0
            +---------+---------+-------+---------+---------+-------

Illustrated notes

Table legend:
 A = Kills in this place as a percentage of kills in entire the game.
 B = Kills by you in this place as a percentage of kills by you in the entire game.
 C = Kills by friends in this place as a percentage of kills by friends in the entire game.
 D = Other kills in this place as a percentage of other kills in the entire game.
 E = Experience gained in this place as a percentage of experience gained in the entire game.
 F = Experience gained in this place divided by the number of levels of this place that you have seen.
                   A       B       C       D       E      F
               +-------+-------+-------+-------+-------+----------------------
         Total | 100.0 | 100.0 |   N/A |   N/A | 100.0 |  36.0
       Dungeon | 100.0 | 100.0 |   N/A |   N/A | 100.0 |  36.0
               +-------+-------+-------+-------+-------+----------------------

Table legend: (Time is in decaauts)
 A = Elapsed time spent in this place.
 B = Non-inter-level travel time spent in this place.
 C = Inter-level travel time spent in this place.
 D = Time resting spent in this place.
 E = Time spent auto-exploring this place.
 F = Levels seen in this place.
 G = Mean time per level.
                   A        B        C        D        E       F      G
               +--------+--------+--------+--------+--------+-----+--------+
         Total |      9 |      9 |      0 |      0 |      0 |   1 |    9.0 |
       Dungeon |      9 |      9 |      0 |      0 |      0 |   1 |    9.0 |
               +--------+--------+--------+--------+--------+-----+--------+

Top non-repeatable levels by time:
       D: 9 daAuts
